Map: Interloper LE

Players

TerranMarine

  • Race: Zerg Zerg
  • League: Gold
  • Spawn Location: 5:00

Juxtapose - Winner!

  • Race: Zerg Zerg
  • League: Silver
  • Spawn Location: 11:00

VOD

https://youtu.be/005CpBuLOmM

Description

I find Zerg vs Zerg to be a challenging match up simply because of how aggressive it is, and the Zergling/Baneling style is not something I seem naturally good at.

So in this match I decided to tech faster to Roaches and be the aggressor myself!

Time

  • Played on: Aug. 6, 2017, 12:37 p.m.
  • Length: 8:26
Show
View Real Time Build Order
Export as new Build Order

TerranMarine Zerg 

Build Orders: Hatch First 

Get SALT Encoding   

  12  0:01  Drone  
  13  0:12  Overlord  
  13  0:19  Drone  
  14  0:31  Drone  
  14  0:32  Drone  
  16  0:35  Drone  
  17  0:45  Drone  
  18  0:58  Hatchery  
  18  1:00  Drone  
  18  1:04  Extractor  
  18  1:07  Drone  
  18  1:19  Spawning Pool  
  18  1:21  Drone  
  18  1:30  Drone  
  19  1:40  Drone  
  20  1:52  Overlord  
  20  2:03  Drone  
  20  2:08  Metabolic Boost  
  21  2:12  Queen x2  
  21  2:14  Zergling x2  
  26  2:16  Zergling x2  
  27  2:23  Drone x2  
  29  2:39  Drone x2  
  31  2:53  Hatchery  
  31  2:57  Zergling x4  
  31  2:58  Zergling x4  
  34  3:07  Drone x2  
  36  3:14  Overlord  
  36  3:16  Overlord  
  36  3:25  Overlord x2  
  36  3:29  Overlord  
  36  3:37  Drone  
  36  3:39  Baneling Nest  
  36  3:40  Overlord x2  
  36  3:46  Drone  
  36  3:47  Drone  
  38  3:58  Drone  
  38  3:59  Drone x4  
  43  4:10  Queen  
  43  4:11  Zergling x2  
  43  4:12  Zergling x4  
  48  4:18  Drone  
  48  4:19  Drone  
  48  4:23  Lair  
  50  4:31  Baneling x2  
  50  4:35  Extractor  
  50  4:37  Extractor  
  48  4:39  Drone x3  
  48  4:40  Extractor, Drone  
  51  4:47  Drone x3  
  51  4:48  Drone x3  
  51  4:49  Drone  
  51  4:50  Drone  
  59  4:59  Drone  
  60  5:00  Drone x3  
  60  5:06  Roach Warren  
  62  5:08  Evolution Chamber  
  62  5:11  Drone  
  62  5:12  Evolution Chamber, Drone  
  63  5:14  Drone  
  63  5:26  Drone  
  63  5:27  Drone x6  
  70  5:33  Zerg Missile Weapons Level 1  
  70  5:38  Zerg Ground Armor Level 1  
  70  5:41  Centrifical Hooks  
  70  5:45  Drone  
  70  5:46  Drone x4  
  70  5:49  Glial Reconstitution  
  75  5:55  Drone x4  
  75  5:56  Drone  
  80  5:58  Drone  
  80  5:59  Drone  
  80  6:00  Drone  
  80  6:03  Extractor  
  82  6:06  Extractor  
  71  6:28  Roach  
  71  6:29  Roach x11  
  71  6:30  Zergling x6  
  72  6:57  Roach x4  
  72  6:58  Roach x4  
  77  7:09  Roach x5  
  79  7:21  Roach  
  79  7:22  Roach x4  
  75  7:33  Roach x2  
  75  7:39  Overlord  
  71  7:46  Roach  
  71  7:55  Roach  
  71  7:56  Roach x5  
  71  7:57  Overlord  
Show
View Real Time Build Order
Export as new Build Order

Juxtapose Zerg - Winner!

Build Orders: Pool First 

Get SALT Encoding   

  12  0:01  Drone  
  13  0:13  Overlord  
  13  0:18  Drone  
  14  0:32  Drone  
  14  0:33  Drone  
  16  0:42  Overlord  
  16  0:52  Spawning Pool  
  16  0:54  Drone  
  16  1:01  Extractor  
  15  1:08  Drone  
  15  1:09  Drone  
  17  1:30  Hatchery  
  17  1:31  Drone  
  17  1:34  Drone  
  18  1:43  Queen  
  20  1:51  Extractor  
  20  1:52  Drone x2  
  21  2:08  Zergling x2  
  22  2:15  Zergling x2  
  23  2:22  Queen  
  25  2:24  Zergling x2  
  26  2:30  Metabolic Boost  
  26  2:34  Drone  
  27  2:42  Queen  
  27  2:43  Drone  
  30  2:49  Drone  
  31  2:54  Zergling x4  
  33  3:07  Drone  
  33  3:08  Drone  
  33  3:10  Zergling x2  
  33  3:11  Overlord  
  36  3:19  Spine Crawler  
  35  3:22  Drone  
  36  3:31  Roach Warren  
  35  3:36  Overlord  
  35  3:42  Drone x2  
  37  3:52  Queen  
  39  3:56  Drone x2  
  41  4:16  Roach x2  
  41  4:17  Roach x2  
  49  4:37  Roach  
  49  4:38  Overlord x2  
  51  4:39  Lair  
  51  4:44  Drone  
  52  5:08  Hatchery  
  52  5:13  Roach x2  
  52  5:14  Roach x2  
  59  5:22  Drone x6  
  65  5:31  Roach  
  65  5:32  Overlord  
  67  5:43  Spire  
  66  5:55  Drone x3  
  69  5:57  Extractor  
  69  5:58  Drone  
  69  5:59  Extractor, Drone x2  
  69  6:01  Roach x2  
  72  6:30  Roach x5  
  72  6:31  Zergling x2, Overlord  
  72  6:32  Overlord x2  
  82  6:53  Roach x2  
  82  6:54  Roach x6, Mutalisk  
  89  7:21  Mutalisk x2  
  89  7:22  Mutalisk x4  
  88  7:45  Drone  
  88  7:46  Drone  
  88  7:47  Mutalisk  
  88  7:48  Roach x3  
  98  7:54  Zergling x14  
  98  7:55  Zergling x2  
  106  7:59  Overlord  
  106  8:00  Overlord x2  
Tags
 
Add a new tag
Caveats
  • Supply blocks, unpowered buildings, or Contaminate may cause inaccurate times.
  • Supply counts are checked every 10 seconds.